 Dungeon Crawl Stone Soup version 0.30.0-5-g1a98f26d00 (webtiles) character file.

Game seed: 11010334330570620030

16 SnakkuSnakku7 the Sneak (level 2, 0/19 HPs)
             Began as a Vampire Hedge Wizard on May 9, 2023.
             Slain by an adder (4 damage)
             ... on level 2 of the Dungeon.
             The game lasted 00:01:14 (332 turns).

SnakkuSnakku7 the Sneak (Vampire Hedge Wizard)       Turns: 332, Time: 00:01:15

Health: 0/19       AC:  2    Str:  9    XL:     2   Next: 37%
Magic:  4/6        EV: 12    Int: 16    God:
Gold:   23         SH:  0    Dex: 13    Spells: 4/7 levels left

rFire   + . .        a - +0 dagger
rCold   . . .        (no shield)
rNeg    . . .        b - +0 robe
rPois   .            c - +0 hat
rElec   .            (no cloak)
rCorr   .            (no gloves)
SInv    +            (no boots)
Will    .....        (no amulet)
Stlth   ++           g - ring of protection from fire
HPRegen 0.43/turn    (no ring)
MPRegen 0.10/turn

%: no passive effects
@: healing quickly
A: alive, fangs 3, see invisible, vampiric 1
a: Exsanguinate


You were on level 2 of the Dungeon.
You visited 1 branch of the dungeon, and saw 2 of its levels.

You collected 23 gold pieces.

Inventory:

Hand Weapons
 a - a +0 dagger (weapon)
Armour
 b - a +0 robe (worn)
 c - a +0 hat (worn)
Jewellery
 g - a ring of protection from fire (left hand)
Scrolls
 e - a scroll of amnesia {unknown}
 f - a scroll of teleportation {unknown}
Potions
 d - a potion of magic


   Skills:
 - Level 2.1 Dodging
 - Level 3.0 Stealth
 - Level 3.0 Spellcasting
 - Level 0.6 Conjurations
 + Level 2.4 Summonings
 - Level 0.7 Translocations


You had 4 spell levels left.
You knew the following spells:

 Your Spells              Type           Power      Damage    Failure   Level
a - Magic Dart            Conj           16%        1d3       14%         1
b - Call Imp              Summ           20%        N/A       11%         2

Your spell library contained the following spells:

 Spells                   Type           Power      Damage    Failure   Level
 Slow                     Hex            8%         N/A       19%         1
 Blink                    Tloc           8%         N/A       22%         2
 Cigotuvi's Dreadful Rot  Necr/Pois/Air  4%         N/A       28%         2
 Mephitic Cloud           Conj/Pois/Air  3%         N/A       45%         3


Dungeon Overview and Level Annotations

Branches:
Dungeon (2/15)

Altars:


Innate Abilities, Weirdness & Mutations

Your natural rate of healing is accelerated.
You have razor-sharp teeth.
You have supernaturally acute eyesight. (SInv)
You are afflicted with vampirism.


Message History

You are poisoned.
The adder poisons you! The adder barely misses you.
Casting: Magic Dart (safe; 14% risk of failure)
Confirm with . or Enter, or press ? or * to list all spells.
A tiny devil pulls itself out of the air.
You feel sick. The adder bites you but does no damage.
Unknown command.
You miss the adder.
You feel sick. The adder misses you.
Your cerulean imp closely misses the adder.
You closely miss the adder.
You feel sick. The adder barely misses you.
Your cerulean imp hits the adder with a -3 spear.
You barely miss the adder.
The adder is lightly wounded.
You feel sick.
The adder bites you. x2; Your cerulean imp misses the adder.
You barely miss the adder. Your bite misses the adder.
The adder is lightly wounded.
You feel sick. The adder bites you.
Your cerulean imp closely misses the adder.
You hit the adder.
The adder is moderately wounded.
You feel sick. The adder misses you.
Your cerulean imp closely misses the adder.
You completely miss the adder.
The adder is moderately wounded.
You feel sick.
You are no longer poisoned.
The adder bites you.
* * * LOW HITPOINT WARNING * * *
The adder misses you.
Your cerulean imp barely misses the adder.
You hit the adder.
The adder is heavily wounded.
The adder bites you.
* * * LOW HITPOINT WARNING * * *
Your cerulean imp barely misses the adder.
Unknown command.
You miss the adder.
The adder is heavily wounded.
The adder bites you.
You die...

#.# ##.## #.#
#.#.######.
#.####...###.#
#..........
#......#.....#
###.#######
######...##### #.#
##.## #.# #.# #.#
#######.# #.#
........##########.#
.........@S5..?....#
........#########
#########


You could see an adder (ally target) and a friendly cerulean imp (summoned).

Vanquished Creatures
  3 dart slugs (D:1)
  A goblin (D:1)
  2 hobgoblins
  2 kobolds (D:1)
  A frilled lizard (D:1)
  A rat (D:2)
10 creatures vanquished.

Notes
Turn   | Place    | Note
-------+----------+-------------------------------------------
     0 | D:1      | SnakkuSnakku7 the Vampire Hedge Wizard began the quest for
                  | the Orb.
     0 | D:1      | Reached XP level 1. HP: 13/13 MP: 4/4
   122 | D:1      | Reached XP level 2. HP: 16/19 MP: 6/6
   295 | D:2      | Learned a level 2 spell: Call Imp
   332 | D:2      | Slain by an adder

Illustrated notes

Levels and vault maps discovered:
D:1:      eino_arrival_water_cross, layout_rooms, serial_shops,
          nicolae_shop_pleasant_corner_grove
D:2:      layout_loops_ring, basic_altar, chequers_ecumenical_altar_island,
          grunt_decor_mini_mirrors, nicolae_grassy_gnolls

Skill      XL: |  1 |
---------------+----+-----
Summonings     | 2 |  2.4
Dodging        | |  2.1
Stealth        | |  3.0
Spellcasting   | |  3.0
Conjurations   | |  0.6
Translocations | |  0.7

Action                     || total
---------------------------++-------
  Melee: Dagger            ||    87
         Bite              ||     6
         Punch             ||     1
   Cast: Magic Dart        ||    11
         Call Imp          ||     1
   Stab: Sleeping          ||     2
 Armour: Robe              ||    13
  Dodge: Dodged            ||    63
